 Dungeon Crawl Stone Soup version 0.19-b1-5-gdc9fa9d (webtiles) character file.

159 Juniper the Skirmisher (level 5, 0/42 HPs)
             Began as a Human Berserker on Oct 31, 2016.
             Was a Believer of Trog.
             Succumbed to an orc wizard's poison
             ... on level 3 of the Dungeon.
             The game lasted 00:16:59 (2362 turns).

Juniper the Skirmisher (Human Berserker)            Turns: 2362, Time: 00:17:00

Health: 0/42       AC: 10    Str: 18    XL:     5   Next: 68%
Magic:  5/5        EV:  7    Int:  8    God:    Trog [**....]
Gold:   175        SH:  3    Dex: 12    Spells: 0 memorised, 4 levels left

rFire  . . .     SeeInvis .     h - +2 whip (flame)
rCold  + . .     Gourm    .     j - +1 chain mail {rC+}
rNeg   . . .     Faith    .     k - +0 buckler
rPois  .         Spirit   .     (no helmet)
rElec  .         Reflect  .     (no cloak)
rCorr  .         Harm     .     (no gloves)
MR     .....                    f - +0 pair of boots
Stlth  ..........               (no amulet)
                                (no ring)
                                (no ring)

@: lethally poisoned (0 -> -11)
A: no striking features
a: Berserk, Trog's Hand, Burn Spellbooks, Renounce Religion


You were on level 3 of the Dungeon.
You worshipped Trog.
Trog was pleased with you.
You were not hungry.

You visited 1 branch of the dungeon, and saw 3 of its levels.

You collected 175 gold pieces.

Inventory:

Hand Weapons
 a - a +0 short sword
 h - a +2 whip of flaming (weapon)
 q - a +0 blowgun
Missiles
 o - 5 javelins of returning (quivered)
 r - 12 poisoned needles
Armour
 f - a +0 pair of boots (worn)
 j - a +1 chain mail of cold resistance (worn)
 k - a +0 buckler (worn)
Scrolls
 b - a scroll of remove curse {unknown}
 m - a scroll of immolation {unknown}
 n - a scroll of blinking {unknown}
 p - a scroll of fog {unknown}
Potions
 d - a potion of agility {unknown}
 e - a potion of curing {unknown}
 l - 3 potions of degeneration {unknown}
 s - a potion of resistance {unknown}
Comestibles
 c - a bread ration
 i - 2 beef jerkies


   Skills:
 + Level 3.8 Fighting
 + Level 3.4 Short Blades
 + Level 3.0 Maces & Flails
 + Level 2.2 Armour
 + Level 2.6 Dodging
 + Level 0.7 Stealth
 + Level 0.4 Shields


You had 4 spell levels left.
You didn't know any spells.

Dungeon Overview and Level Annotations

Branches:
Dungeon (3/15)

Altars:
Fedhas

Annotations:
D:2 exclusion: oklob plant


Message History

Your Maces & Flails skill increases to level 3!
* * * LOW HITPOINT WARNING * * *
You feel very sick.
You start resting.
You feel sick.
* * * LOW HITPOINT WARNING * * *
You feel sick.
You start resting.
You feel the effects of Trog's Hand fading.
* * * LOW HITPOINT WARNING * * *
You feel sick.
You start eating the fruit.
You feel sick.
That choko was very bland.
Okay, then.
You start resting.
You feel sick.
* * * LOW HITPOINT WARNING * * *
You feel sick.
You start resting.
You feel sick.
Your skin stops crawling.
You feel less resistant to hostile enchantments.
You die...

.#...##.......#
.#...##.......##
.#...##........#
.#...##......#.##
##...##......#..#
#...##......##'##
#...########....#####.#
+...'รท.....'..)).......
#...########...@.#####
##### #.....## #......#
#....#.# #....#.#
#....#.# #....#.## #
#....#..#######.###
#....'............


There were no monsters in sight!

Vanquished Creatures
  Jessica (D:2)
  An orc wizard (D:3)
  2 adders (D:2)
  2 oozes (D:3)
  3 worms (D:2)
  2 dart slugs (D:2)
  2 leopard geckos
  4 orcs (D:3)
  2 ball pythons
  8 bats
  3 giant cockroaches
  6 goblins
  8 hobgoblins
  2 jackals (D:3)
  3 frilled lizards
  8 kobolds
  7 rats
64 creatures vanquished.

Vanquished Creatures (others)
  10 toadstools (D:2)
10 creatures vanquished.

Grand Total: 74 creatures vanquished

Notes
Turn   | Place    | Note
-------+----------+-------------------------------------------
     0 | D:1      | Juniper the Human Berserker began the quest for the Orb.
     0 | D:1      | Reached XP level 1. HP: 18/18 MP: 1/1
    80 | D:1      | Reached XP level 2. HP: 21/24 MP: 2/2
   577 | D:1      | Reached XP level 3. HP: 16/29 MP: 3/3
  1170 | D:2      | Noticed Jessica
  1176 | D:2      | Reached skill level 1 in Maces & Flails
  1176 | D:2      | Reached XP level 4. HP: 30/35 MP: 4/4
  1180 | D:2      | Killed Jessica
  1267 | D:2      | Reached ** piety under Trog
  1412 | D:2      | Reached XP level 5. HP: 28/41 MP: 5/5
  1739 | D:2      | Found a blossoming altar of Fedhas.
  1770 | D:2      | Noticed an oklob plant
  1968 | D:3      | Found a faded altar of an unknown god.
  2356 | D:3      | HP: 2/42 [poisoned by an orc wizard]
  2361 | D:3      | HP: 1/42 [poisoned by an orc wizard]
  2362 | D:3      | Succumbed to an orc wizard's poison

Skill      XL: |  1  2  3  4  5 |
---------------+----------------+-----
Maces & Flails | 1 2 3 |  3.0
Fighting       | |  3.8
Short Blades   | |  3.4
Armour         | |  2.2
Dodging        | |  2.6
Stealth        | |  0.7
Shields        | |  0.4

Action                   |  1- 3 |  4- 6 || total
-------------------------+-------+-------++-------
Melee: Short sword       |    22 |       ||    22
       Whip              |    81 |   121 ||   202
Invok: Berserk           |       |     1 ||     1
       Trog's Hand       |       |     1 ||     1
  Eat: Chunk             |     1 |     1 ||     2
       Bread ration      |       |     1 ||     1
       Fruit             |       |     1 ||     1
Armor: Animal skin       |     9 |       ||     9
       Leather armour    |     9 |       ||     9
       Chain mail        |    14 |    61 ||    75
Dodge: Dodged            |    63 |    30 ||    93
Block: Buckler           |     1 |    17 ||    18
